Unix NetHack Version 3.7.0-53 Work-in-progress - last build Apr 11 2022 03:59:15 (1e4a17dd8e4cd83bd3ef5d46a59529246cfc2aae,branch:master). Game began 2022-04-04 16:02:25, ended 2022-04-13 17:59:43. voffer, neutral female human Tourist AA ---------a |....a..| ----- @|.......| ...| |%.D@..a|a ---------..-- |..f@!aa| @ |.......|...-- | |.....a.|D | |.......|....---.... |. ----.---- .| |...=..%)*....[.%.... |.....@@......| |.......|)...---...)%. ---..@%%....--- |.......|...-- --..%%. -----D----- ---------..-- -%-- AAa.. ...| .%.------ .... ----- .........| .... -----...-- .... ....-- .).. ...----|- .... ..%).... .... ------- -- Voffer the Journeyer St:25 Dx:16 Co:18 In:22 Wi:19 Ch:17 Neutral S:1361786 Astral Plane $:0 HP:203(328) Pw:50(111) AC:-35 Xp:20/5262129 T:40247 Latest messages: You kill the Angel of Blind Io! Tarkus bites the soldier ant. The soldier ant misses Tarkus. The soldier ant misses Tarkus. Veli Hopea bites the soldier ant. The soldier ant is killed! You hit the Angel of Moloch! You hit the Angel of Moloch! The giant beetle turns to flee. Tarkus misses the killer bee. The Angel of Moloch swings his long sword. The Angel of Moloch misses! The Angel of Moloch swings his long sword. The Angel of Moloch misses! The Angel of Moloch misses! The Angel of Moloch casts a spell at you! You are hit by a shower of missiles! The missiles bounce off! You hit the Angel of Moloch! You kill the Angel of Moloch! The soldier ant turns to flee. Tarkus misses the killer bee. The giant beetle is disintegrated! The priestess of Moloch's small shield is disintegrated! The giant beetle is disintegrated! Veli Hopea bites the killer bee. The killer bee is killed! "Eat slime and die!" You kill the soldier ant! The soldier ant turns to flee. You hit the giant beetle! The giant beetle turns to flee. Tarkus bites the giant beetle. The giant beetle is killed! The killer bee turns to flee. The priestess of Moloch casts a spell! The priestess of Moloch looks better. You hit the giant beetle! What do you want to sacrifice? [B or ?*] ? You offer the Amulet of Yendor to The Lady... An invisible choir sings, and you are bathed in radiance... The voice of The Lady thunders: "Mortal, thou hast done well!" "In return for thy service, I grant thee the gift of Immortality!" You ascend to the status of Demigoddess... Do you want your possessions identified? [ynq] (y) y Do you want to see your attributes? [ynq] (y) y Do you want an account of creatures vanquished? [ynaq] (y) y Do you want a list of species genocided and extinct? [ynq] (y) y Do you want to see your conduct and achievements? [ynq] (y) y Do you want to see the dungeon overview? [ynq] (y) y Major events: Turn 1: voffer the neutral female human Tourist entered the dungeon 884: attained the rank of Sightseer (level 3) 1311: entered the Gnomish Mines 2586: bestowed with Magicbane by The Lady 3153: attained the rank of Excursionist (level 6) 3683: reached Mine Town 6893: acquired the Mines' End luckstone 8710: bestowed with Ogresmasher by The Lady 8879: killed the Oracle 9185: entered Sokoban 9487: completed sokoban 1 10787: completed sokoban 2 10801: attained the rank of Peregrinatrix (level 10) 11347: completed sokoban 3 12372: completed sokoban 4 12535: acquired the Sokoban bag of holding 12881: destroyed nurdglaw's ghost, the former Wanderer 14640: entered the Bigroom 17990: destroyed Hill the wraith, and former Conjurer 18035: found Sting in a container 20358: attained the rank of Traveler (level 14) 24754: found the Platinum Yendorian Express Card on the floor 24767: killed the Master of Thieves 24769: acquired the Bell of Opening 27063: killed Medusa 28198: made her first wish - "blessed +3 Grayswandir" 28199: wished for "blessed +3 Grayswandir" 28200: wished for "blessed +3 Grayswandir" 28206: wished for "blessed fixed greased +3 helm of brilliance" 28533: wished for "uncursed magic marker" 28722: entered Gehennom 30138: bribed Asmodeus with 123 zorkmids for safe passage 30658: killed Juiblex 31021: killed Baalzebub 32179: found Sunsword carried by a monster 32359: destroyed Vlad the Impaler 32360: acquired the Candelabrum of Invocation 32871: killed Orcus 32956: attained the rank of Journeyer (level 18) 34322: performed her first genocide (class h) 34323: genocided class L 36376: killed the Wizard of Yendor 36378: killed the Wizard of Yendor (2nd time) 36380: acquired the Book of the Dead 37251: killed the Wizard of Yendor (3rd time) 37474: performed the invocation 37664: killed the high priestess of Moloch 37668: acquired The Amulet of Yendor 39007: killed the Wizard of Yendor (5th time) 39837: wished for "uncursed magic marker" 39849: entered the Elemental Planes 39849: entered Plane of Earth 39932: entered Plane of Air 40005: entered Plane of Fire 40012: entered Plane of Water 40017: genocided class ; 40053: wished for "blessed figurine of a housecat named Tarkus" 40098: entered the Astral Plane 40109: killed Death 40116: killed Death (2nd time) 40176: killed Death (3rd time) 40200: killed Famine 40231: killed Famine (2nd time) 40247: ascended Inventory: Amulets P - an uncursed amulet of guarding (being worn) Weapons e - the rustproof +4 Magicbane a - the blessed +7 Grayswandir (weapon in hand) Armor j - a blessed greased rustproof +4 helm of brilliance (being worn) o - a cursed +0 helm of opposite alignment Q - an uncursed rustproof +4 pair of gauntlets of power (being worn) b - a blessed fireproof +4 pair of speed boots (being worn) m - an uncursed fireproof +3 cloak of magic resistance (being worn) g - a blessed +5 Hawaiian shirt with a hula dancer motif (being worn) p - a blessed +4 silver dragon scale mail (being worn) Comestibles r - 3 uncursed C-rations Rings i - an uncursed ring of conflict L - an uncursed ring of free action (on left hand) C - an uncursed ring of levitation U - an uncursed ring of slow digestion Wands W - a wand of cancellation (0:1) v - a wand of death (1:2) t - a cursed wand of digging (1:7) u - a wand of polymorph (0:4) w - a wand of secret door detection (0:9) F - a cursed wand of striking (0:0) A - a cursed wand of teleportation (0:6) Tools S - a blessed bag of holding containing 80 items f - an empty uncursed sack G - the Bell of Opening (0:2) R - the uncursed Candelabrum of Invocation (0 of 7 candles attached) k - a magic marker (0:8) y - a magic marker (1:5) s - an uncursed oil lamp J - the blessed Platinum Yendorian Express Card O - an uncursed skeleton key X - an uncursed towel z - a blessed +0 unicorn horn Gems/Stones T - an uncursed luckstone Contents of the bag of holding: 5998 gold pieces an uncursed amulet of ESP an uncursed amulet of guarding a blessed amulet of life saving an uncursed amulet of reflection an uncursed amulet versus poison an uncursed +0 pair of water walking boots an uncursed burnt rotted +0 cloak of displacement an uncursed +0 cloak of invisibility an uncursed +0 cloak of protection 3 uncursed food rations 2 uncursed fortune cookies an uncursed lembas wafer an uncursed orange an uncursed tripe ration an uncursed lizard corpse an uncursed scroll of blank paper 2 uncursed scrolls of blank paper an uncursed scroll of charging a blessed scroll of confuse monster an uncursed scroll of enchant armor 2 cursed scrolls of enchant weapon a blessed scroll of food detection an uncursed scroll of gold detection an uncursed scroll of identify a cursed scroll of identify a cursed scroll of light an uncursed scroll of magic mapping a cursed scroll of magic mapping an uncursed scroll of remove curse a cursed scroll of remove curse a cursed scroll of remove curse an uncursed scroll of scare monster a blessed scroll of stinking cloud an uncursed scroll of stinking cloud an uncursed spellbook of extra healing an uncursed spellbook of protection an uncursed potion of booze an uncursed potion of confusion 2 uncursed potions of enlightenment an uncursed potion of fruit juice a cursed potion of fruit juice a blessed potion of gain ability 2 uncursed potions of gain ability a blessed potion of healing an uncursed potion of object detection an uncursed potion of object detection an uncursed potion of restore ability a cursed potion of sleeping an uncursed potion of speed 3 potions of holy water 2 potions of unholy water an uncursed ring of conflict an uncursed ring of polymorph an uncursed ring of polymorph control an uncursed ring of regeneration an uncursed ring of slow digestion a wand of create monster (0:4) a wand of digging (0:1) a cursed wand of digging (0:4) a wand of fire (0:5) a wand of lightning (0:6) a wand of locking (0:5) a wand of magic missile (0:2) a wand of make invisible (0:5) a wand of make invisible (0:3) a wand of opening (0:4) a wand of speed monster (0:1) a wand of striking (0:4) a wand of striking (0:3) a wand of teleportation (0:6) a wand of undead turning (0:4) a cursed wand of undead turning (0:7) an uncursed blindfold a can of grease (1:11) an uncursed credit card an uncursed mirror a +0 pick-axe a +0 unicorn horn 4 uncursed worthless pieces of black glass Voffer the Tourist's attributes: Background: You were a Journeyer, a level 20 female human Tourist. You were neutral, on a mission for The Lady who was opposed by Blind Io (lawful) and Offler (chaotic). You were in the endgame, on the Astral Plane. You entered the dungeon 40247 turns ago. You had 5262129 experience points, 4737871 more were needed for level 21. Your score was 1361786 before end-of-game adjustments. Basics: You had 203 out of 328 hit points. You had 50 out of 111 energy points (spell power). Your armor class was -35. Your wallet was empty. Autopickup was off. Final Characteristics: Your strength was 25 (base:18, innate limit:18/100). Your dexterity was 16 (peak:17, limit:18). Your constitution was 18 (limit:18). Your intelligence was 22 (base:18, innate limit:18). Your wisdom was 19 (base:15, innate limit:18). Your charisma was 17 (limit:18). Final Status: You were not hungry. You were unencumbered. You were wielding a saber. You were skilled in saber. Final Attributes: You were piously aligned. You were magic-protected. You were fire resistant. You were cold resistant. You were sleep resistant. You were disintegration-resistant. You were shock resistant. You were poison resistant. You resisted hallucinations. You saw invisible. You were telepathic. You had automatic searching. You had a moderate defense bonus (+8). You were protected. You took half spell damage. You were very fast. You had reflection. You had free action. You were very lucky. You had extra luck. Bad luck did not time out for you. Good luck did not time out for you. You survived. Miscellaneous: You encountered 2 bones levels. Total elapsed playing time was 9 hours, 34 minutes and 37 seconds. Vanquished creatures: Baalzebub Orcus Juiblex the Wizard of Yendor (9 times) Death (4 times) Famine (twice) Vlad the Impaler an arch-lich a high cleric a mastodon Medusa 16 krakens the Master of Thieves an Archon 3 master liches 2 storm giants a titan 2 glass golems 4 balrogs 6 purple worms a gold dragon 3 silver dragons 3 red dragons 2 orange dragons 3 black dragons 2 blue dragons 2 green dragons 3 yellow dragons 17 minotaurs 2 jabberwocks 5 baluchitheria 6 Angels 4 demiliches 2 stone golems 5 master mind flayers 12 Olog-hai a Nazgul 6 pit fiends 2 sandestins 3 displacer beasts 2 titanotheres 4 trappers 2 baby yellow dragons a guardian naga 2 genetic engineers 2 disenchanters 35 vampire leaders 4 skeletons the Oracle 19 aligned clerics 7 captains 6 shades 9 liches 3 clay golems 7 nurses 5 ice devils 6 nalfeshnees 4 lurkers above 2 Aleaxes 2 frost giants 8 ettins a golden naga 13 black puddings 30 vampires 11 lieutenants 41 ghosts an archeologist 2 queen bees 3 winged gargoyles 5 mind flayers 10 giant mimics a long worm 3 zruties 3 fire giants 7 ogre tyrants 19 ice trolls 3 rock trolls 6 umber hulks 4 elven monarchs 3 doppelgangers 6 hezrous 4 bone devils 9 large mimics 2 wumpuses 2 fire vortices 2 couatls 12 stalkers 14 air elementals 9 earth elementals 9 water elementals 3 hill giants 4 giant mummies 6 black nagas 3 xorns 22 giant zombies 6 elf-nobles 23 sergeants 5 barbed devils 8 vrocks 2 salamanders 3 winter wolves 5 hell hound pups 33 small mimics 2 glass piercers 5 warhorses 9 steam vortices 12 xans 3 ettin mummies 7 ogre leaders 14 quantum mechanics 11 trolls 2 sasquatches 4 wood golems 2 erinyes 3 mariliths a djinni 8 sharks 8 electric eels 4 gelatinous cubes 3 pyrolisks a large dog a freezing sphere 4 flaming spheres 6 shocking spheres 8 tigers 2 gargoyles 4 dwarf rulers 5 tengu 12 ochre jellies 10 leocrottas 8 energy vortices 3 mountain centaurs 7 stone giants 3 elf mummies 4 human mummies 2 red nagas 2 green slimes 5 pythons 5 pit vipers 5 cobras 42 wraiths 4 carnivorous apes 18 ettin zombies a leather golem 4 Grey-elves 118 soldiers 2 watchmen 12 amorous demons 6 horned devils 7 chameleons 32 giant beetles 4 quivering blobs 13 cockatrices 9 wolves 11 winter wolf cubs a lynx 3 panthers 18 gremlins 2 spotted jellies 3 leprechauns 6 orc-captains 2 iron piercers 3 mumakil 93 giant spiders 6 scorpions 2 horses an ice vortex 4 black lights 6 vampire bats 23 forest centaurs 7 gnome rulers 4 orc mummies 5 dwarf mummies 4 ogres 3 brown puddings 6 rust monsters 15 owlbears 6 yetis 5 gold golems 2 werewolves 9 Green-elves 7 piranha 20 giant eels 12 lizards 4 chickatrices a dog 5 jaguars 6 dwarf leaders a blue jelly 2 white unicorns a black unicorn 7 dust vortices 8 ravens 9 plains centaurs 2 Kop Kaptains 5 gnome mummies 8 snakes 5 apes 21 human zombies 7 rope golems 13 Woodland-elves 38 soldier ants 30 fire ants 9 bugbears 3 imps 4 quasits 7 wood nymphs 5 water nymphs 2 mountain nymphs 3 Mordor orcs 17 Uruk-hai 6 orc shamans 8 rock piercers 4 rock moles 2 fog clouds 8 yellow lights 3 shriekers 3 violet fungi 20 gnome leaders 9 gnomish wizards 3 Kop Lieutenants 4 kobold mummies 2 black naga hatchlings a guardian naga hatchling 7 gray oozes 2 barrow wights 21 elf zombies 18 ghouls 2 straw golems 5 paper golems 6 jellyfish 51 giant ants 7 floating eyes 29 dwarves 4 homunculi 5 kobold leaders a kobold shaman 17 hill orcs 10 rothes 5 rabid rats 6 centipedes 7 giant bats a monkey 26 orc zombies 14 dwarf zombies a wererat a werejackal 17 iguanas 64 killer bees 5 coyotes 12 hobbits 19 manes 2 large kobolds 4 hobgoblins 6 giant rats 17 cave spiders 5 yellow molds 3 green molds 2 red molds 63 gnomes 7 Keystone Kops a garter snake 21 gnome zombies 6 geckos 9 jackals 3 kobolds 6 goblins 11 grid bugs 5 bats 12 lichens 17 kobold zombies 13 newts 2260 creatures vanquished. Genocided or extinct species: hobbits dwarves bugbears dwarf leaders dwarf rulers mind flayers master mind flayers liches demiliches master liches arch-liches soldiers (extinct) erinyes (extinct) jellyfish piranha sharks giant eels electric eels krakens 17 species genocided. 2 species extinct. Voluntary challenges: You read items or engraved 152 times. You never engraved Elbereth. You genocided 17 types of monsters. You never changed form. You used 7 wishes (3 for artifacts). You violated the special Sokoban rules thrice. Achievements: You attained the rank of Sightseer. You entered a shop. You entered the Gnomish Mines. You attained the rank of Excursionist. You entered Minetown. You entered a temple. You completed the Gnomish Mines. You entered Sokoban. You attained the rank of Peregrinatrix. You completed Sokoban. You entered the Big Room. You attained the rank of Traveler. You had the Bell of Opening. You defeated Medusa. You entered Gehennom. You had the Candelabrum of Invocation. You attained the rank of Journeyer. You handled the Book of the Dead. You gained access to Moloch's Sanctum. You reached the Elemental Planes. You reached the Astral Plane. You delivered the Amulet of Yendor. You ascended! The Elemental Planes: Astral Plane: <- You are here. Some temples. Plane of Water: Plane of Fire: Plane of Air: Plane of Earth: The Dungeons of Doom: levels 1 to 27 Level 1: Some fountains, a grave. One way stairs up to The Elemental Planes. Level 2: An armor shop. Level 3: Stairs down to The Gnomish Mines. Level 4: A general store, an altar to The Lady. Level 5: Many fountains. Oracle of Delphi. Level 6: Stairs up to Sokoban, level 5. Level 7: Final resting place for nurdglaw-Cav-Gno-Fem-Neu, killed by a Woodland-elf. Level 8: Level 9: A temple to The Lady. Level 10: A very big room. Level 11: An altar to The Lady. Level 12: A general store. Portal to The Quest. Level 13: An altar to The Lady. Level 14: A temple to The Lady, some fountains. Level 15: A grave. Level 16: An altar. Level 17: Level 18: A primitive area. Level 19: A fountain. Level 20: A sink. Final resting place for Hill-Wiz-Hum-Mal-Cha, killed by a wraith, while reading a book. Level 21: Level 22: Level 23: Some fountains, many trees. Level 24: Some graves. Level 25: Level 26: Level 27: A fountain. The castle. Connection to Gehennom. Gehennom: levels 28 to 51 Level 28: A temple, many graves. Valley of the Dead. Level 29: Level 30: Level 31: Level 32: Level 33: A fountain. Level 34: Level 35: Level 36: Level 37: Level 38: Level 39: Level 40: Some shops, an altar, some graves. Stairs up to Vlad's Tower, level 39. Level 41: Level 42: Level 43: Level 44: Level 45: Level 46: Level 47: Level 48: Level 49: Level 50: Level 51: A temple, many graves. Moloch's Sanctum. The Gnomish Mines: levels 4 to 11 Level 4: Level 5: Level 6: Many shops, a temple, some fountains, some trees. Level 7: Level 8: Level 9: Level 10: Level 11: The Quest: levels 1 to 5 Level 1: Many graves. Completed quest for Twoflower. Level 2: Level 3: Some shops, many graves. Level 4: Level 5: Some shops, many graves. Sokoban: levels 5 up to 2 Level 2: Solved. Level 3: Solved. Level 4: Solved. Level 5: Solved. Vlad's Tower: levels 39 up to 37 Level 37: Level 38: Level 39: Aloha voffer the Demigoddess... You and Veli Hopea and Tarkus went to your reward with 2795928 points, Grayswandir (worth 8000 zorkmids and 20000 points) Magicbane (worth 3500 zorkmids and 8750 points) The Bell of Opening (worth 5000 zorkmids and 12500 points) The Platinum Yendorian Express Card (worth 7000 zorkmids and 17500 points) The Candelabrum of Invocation (worth 5000 zorkmids and 12500 points) 4 worthless pieces of colored glass, 2 amulets of guarding (worth 300 zorkmids), 1 amulet of ESP (worth 150 zorkmids), 1 amulet of life saving (worth 150 zorkmids), 1 amulet versus poison (worth 150 zorkmids), 1 amulet of reflection (worth 150 zorkmids), and 5998 pieces of gold, after 40247 moves. You were level 20 with a maximum of 328 hit points when you ascended.